AoeStats
← Niroxs

MegaRandom

510295540Analyzed
3v3 RM · 20h ago on Sep 30, 2026· 38m 34s· 6 players
Game mode
Random Map
Map size
Normal (6 player)
Population
200
Speed
Normal
Resources
Standard
Victory
Conquest
Starting age
Dark Age
Ending age
Imperial Age
RankedLock teamsTeams togetherTeam positionsShared explorationLock speedFull tech treeHidden civsTurbo modeCheats
Victory
Defeat
🇮🇹 Mongols · Italy
2201
+2
🇫🇷 Spanish · France
2107
+3
🇵🇱 Koreans · Poland
1889
+7
🇨🇭 Mongols · Switzerland
1786
-6
🇵🇪 Celts · Peru
1679
-3
🇬🇧 Varangians · United Kingdom
1671
-3
RoR | FloDuFive
11:30 Feudal Age
12:04 Horse Collar
12:11 Double-Bit Axe
15:02 Castle Age
14:11 Horse Collar
15:18 Loom
19:15 Bow Saw
25:37 Wheelbarrow
26:51 Heavy Plow
27:51 Hand Cart
28:29 Town Watch
32:00 Imperial Age
30:51 Scale Barding Armor
30:56 Forging
30:45 Gold Mining
31:13 Bloodlines
32:43 Chain Barding Armor
32:14 Cavalier
35:16 Conscription
37:37 Plate Barding Armor
37:03 Husbandry
39:05 Iron Casting
OS+ | VoNDutcH
12:07 Feudal Age
16:18 Castle Age
14:40 Fishing Lines
15:46 Double-Bit Axe
15:52 Gold Mining
16:53 Gillnets
17:49 Medium Warships
18:43 Bow Saw
21:57 Wheelbarrow
25:08 Fervor
25:25 Siphons
25:31 Clinker Construction
26:21 Careening
27:28 Town Watch
34:23 Imperial Age
31:53 Fletching
32:21 Padded Archer Armor
32:56 Ballistics
33:13 Bodkin Arrow
35:11 Bracer
36:14 Chemistry
35:19 Siege Engineers
35:46 Leather Archer Armor
35:43 Bloodlines
35:33 Husbandry
35:59 Hand Cart
35:29 Loom
35:44 Town Patrol
35:32 Loom
35:47 Town Patrol
35:33 Elite Mangudai
36:33 Conscription
37:21 Fortified Wall
37:31 Thumb Ring
37:51 Parthian Tactics
ELEOS | wosm
8:33 Loom
10:42 Feudal Age
11:11 Double-Bit Axe
14:51 Fishing Lines
18:56 Castle Age
19:49 Bow Saw
20:55 Gillnets
26:18 Wheelbarrow
25:44 Horse Collar
26:31 Fletching
27:31 Bodkin Arrow
27:55 Masonry
28:44 Ballistics
29:33 Eupseong
32:30 Imperial Age
31:47 Scale Mail Armor
31:58 Forging
32:27 Hand Cart
31:57 Town Watch
32:20 Squires
32:29 Heavy Rocket Cart
33:41 Siege Engineers
33:42 Elite Fire Lancer
34:08 Arson
34:39 Chain Mail Armor
34:21 Elite Fire Lancer
35:56 Plate Mail Armor
36:11 Bracer
37:43 Fortified Wall
38:36 Chemistry
37:44 Siege Engineers
37:26 Arrowslits
38:42 Chemistry
38:13 Architecture
38:20 Fortified Wall
39:31 Shinkichon
Niroxs
8:17 Loom
10:28 Feudal Age
14:48 Castle Age
13:55 Double-Bit Axe
15:54 Bow Saw
21:40 Ballistics
22:44 Fletching
25:18 Bodkin Arrow
29:07 Horse Collar
34:19 Imperial Age
33:51 Padded Archer Armor
35:28 Conscription
35:35 Bracer
36:44 Chemistry
35:46 Gold Mining
37:17 Elite Mangudai
38:16 Husbandry
38:38 Bloodlines
JustAGecko
6:25 Loom
11:49 Feudal Age
12:43 Double-Bit Axe
15:25 Castle Age
14:21 Fletching
16:02 Bodkin Arrow
17:07 Bow Saw
17:22 Fishing Lines
24:38 Horse Collar
25:24 Squires
25:09 Arson
25:12 Gambesons
27:14 Wheelbarrow
28:37 Scale Mail Armor
32:04 Chain Mail Armor
36:17 Imperial Age
34:07 Forging
34:50 Heavy Plow
34:50 Gold Mining
35:20 Scale Barding Armor
35:09 Stone Mining
36:13 Bloodlines
36:03 Husbandry
36:48 Chain Barding Armor
38:04 Plate Barding Armor
LE | Dabighead
11:26 Feudal Age
11:57 Double-Bit Axe
11:53 Horse Collar
14:28 Loom
20:00 Castle Age
19:07 Arson
19:35 Forging
19:26 Scale Mail Armor
20:04 Pikeman
21:24 Bow Saw
36:33 Imperial Age
36:42 Heavy Plow
37:01 Fortified Wall
37:32 Onager
Connection lost

Rejoining the realm…

Still unreachable

The connection could not be restored.

Session expired

The server has moved on; the page needs a fresh start.